 Dungeon Crawl Stone Soup version 0.27.1-2-g3b301248ec (webtiles) character file.

Game seed: 4397028417008807559

427 Metae the Covered (level 6, 0/56 HPs)
             Began as a Minotaur Fighter on Sept 22, 2021.
             Was an Initiate of Makhleb.
             Slain by a hornet (8 damage)
             ... on level 5 of the Dungeon.
             The game lasted 00:09:17 (4226 turns).

Metae the Covered (Minotaur Fighter)                Turns: 4226, Time: 00:09:18

Health: 0/56       AC: 12    Str: 23    XL:     6   Next: 65%
Magic:  5/5        EV:  6    Int:  5    God:    Makhleb [......]
Gold:   169        SH: 10    Dex:  9    Spells: 5/5 levels left

rFire    . . .     SeeInvis .   a - +0 trident
rCold    . . .     Faith    .   c - +0 kite shield
rNeg     . . .     Spirit   .   p - +0 chain mail
rPois    .         Reflect  .   (helmet restricted)
rElec    .         Harm     .   (no cloak)
rCorr    +         Rampage  .   s - +0 pair of gloves
Will     +....                  u - +0 pair of boots
Stlth    ..........             (no amulet)
HPRegen  0.18/turn              e - ring of willpower
MPRegen  0.09/turn              m - ring of resist corrosion

@: slowed, very slow
A: horns 2, retaliatory headbutt
a: Renounce Religion


You were on level 5 of the Dungeon.
You worshipped Makhleb.
Makhleb was noncommittal.
You visited 1 branch of the dungeon, and saw 5 of its levels.

You collected 169 gold pieces.

Inventory:

Hand Weapons
 a - a +0 trident (weapon)
Missiles
 r - a throwing net (quivered)
Armour
 c - a +0 kite shield (worn)
 p - a +0 chain mail (worn)
 s - a +0 pair of gloves (worn)
 u - a +0 pair of boots (worn)
Jewellery
 e - a ring of willpower (left hand)
 m - a ring of resist corrosion (right hand)
Scrolls
 f - 2 scrolls of immolation
 h - a scroll of acquirement {unknown}
 i - 2 scrolls of amnesia
 j - a scroll of noise
 l - a scroll of brand weapon {unknown}
 o - a scroll of vulnerability {unknown}
 q - 3 scrolls of teleportation {unknown}
Potions
 b - a potion of resistance {unknown}
 d - a potion of might
 n - a potion of attraction {unknown}
 t - a potion of magic {unknown}


   Skills:
 + Level 5.5 Fighting
 + Level 4.8 Polearms
 + Level 5.5 Armour
 + Level 5.5 Shields


You had 5 spell levels left.
You didn't know any spells.
Your spell library was empty.

Dungeon Overview and Level Annotations

Branches:
Dungeon (5/15)
 Temple: D:4-7

Altars:
Elyvilon
Makhleb
Vehumet


Innate Abilities, Weirdness & Mutations

You have a pair of horns on your head.
You reflexively headbutt those who attack you in melee.


Message History

You block the hornet's attack. The hornet stings you!
You are more poisoned.
You feel yourself slow down. The hornet stings you.
You suddenly lose the ability to move!
You feel very sick.
The hornet stings you but does no damage.
The hornet stings you!
* * * LOW HITPOINT WARNING * * *
You are more poisoned.
You feel as though you will be slow longer.
You can move again.
It was a potion of curing.
You feel better.
The hornet stings you but does no damage. x2
You hit the hornet.
The hornet is severely wounded.
You block the hornet's attack. x2; The hornet stings you!
* * * LOW HITPOINT WARNING * * *
You are lethally poisoned!
You feel as though you will be slow longer.
You closely miss the hornet.
The hornet is severely wounded.
* * * LOW HITPOINT WARNING * * *
You feel very sick. You block the hornet's attack.
The hornet closely misses you. You furiously retaliate!
You headbutt the hornet.
The hornet stings you but does no damage.
You feel better.
You feel yourself speed up. The hornet stings you!
* * * LOW HITPOINT WARNING * * *
You feel yourself slow down. You block the hornet's attack.
You feel better.
The hornet stings you but does no damage.
The hornet stings you.
* * * LOW HITPOINT WARNING * * *
You feel as though you will be slow longer.
You barely miss the hornet. Your headbutt misses the hornet.
The hornet is severely wounded.
You block the hornet's attack. The hornet stings you!
You die...

.... .............##
.........................#
.........................####
................$...........
..# #.....................# #
..###[....................#.#
..#......####.............#.#
..#......####...y...........#
..#.............@....[......#
..#.........................#
..#.............####........#
.....###..................###
.....###..................#
....................#.#####
..#.............##.......#
###....[...#.....#..##.#.#
###........#+###.#.....#.#


You could see a hornet.

Vanquished Creatures
  A phantom (D:4)
  2 scorpions
  A hound (D:5)
  10 adders
  An adder skeleton (D:4)
  A worm (D:2)
  9 dart slugs
  6 orcs
  10 bats
  3 endoplasms
  A giant cockroach (D:2)
  14 goblins
  2 hobgoblins
  3 jackals (D:2)
  7 kobolds
  3 quokkas
  8 ball pythons
  5 frilled lizards
  A jackal skeleton (D:4)
  7 rats
95 creatures vanquished.

Vanquished Creatures (others)
  A plant (D:4)
1 creature vanquished.

Grand Total: 96 creatures vanquished

Notes
Turn   | Place    | Note
-------+----------+-------------------------------------------
     0 | D:1      | Metae the Minotaur Fighter began the quest for the Orb.
     0 | D:1      | Reached XP level 1. HP: 19/19 MP: 0/0
     6 | D:1      | Noticed a black bear
     6 | D:1      | Noticed an anaconda
     6 | D:1      | Noticed a wolf
     7 | D:1      | Noticed a komodo dragon
     7 | D:1      | Noticed a lindwurm
   218 | D:1      | Reached XP level 2. HP: 27/27 MP: 1/1
   969 | D:1      | Reached XP level 3. HP: 33/33 MP: 2/2
  1832 | D:2      | Reached XP level 4. HP: 35/40 MP: 3/3
  2601 | D:3      | Found a faded altar of an unknown god.
  2996 | D:4      | Found a radiant altar of Vehumet.
  3065 | D:4      | Noticed a scorpion
  3073 | D:4      | Killed a scorpion
  3074 | D:4      | Reached XP level 5. HP: 40/47 MP: 4/4
  3196 | D:4      | Found a burning altar of Makhleb.
  3198 | D:4      | Noticed a phantom
  3226 | D:4      | Killed a phantom
  3227 | D:4      | Reached skill level 5 in Fighting
  3227 | D:4      | Reached skill level 5 in Armour
  3227 | D:4      | Reached skill level 5 in Shields
  3227 | D:4      | Reached XP level 6. HP: 25/56 MP: 5/5
  3889 | D:4      | Became a worshipper of Makhleb the Destroyer
  3908 | D:5      | Entered Level 5 of the Dungeon
  4140 | D:5      | Found a white marble altar of Elyvilon.
  4206 | D:5      | Noticed a hornet
  4219 | D:5      | Paralysed by a hornet for 2 turns
  4224 | D:5      | HP: 1/56 [hornet (12)]
  4226 | D:5      | Slain by a hornet

Illustrated notes

Levels and vault maps discovered:
D:1:      onia_arrival_zoo_common, layout_basic, minmay_distorted
D:2:      layout_basic
D:3:      layout_loops_corners, shapermc_ecumenical_altar_venn
D:4:      corexii_shack_village, layout_rooms, mainiacjoe_overflow_boulevard,
          nicolae_vehumet_radiance
D:5:      layout_basic, kennysheep_ying_yang, uniq_grinder

Skill      XL: |  1  2  3  4  5 |
---------------+----------------+-----
Shields        | 4 5 |  5.5
Fighting       | 4 5 |  5.5
Armour         | 4 5 |  5.5
Polearms       | 3 4 |  4.8

Action                   |  1- 3 |  4- 6 || total
-------------------------+-------+-------++-------
Melee: Trident           |   104 |   170 ||   274
       Headbutt          |    15 |    25 ||    40
  Use: Potion            |       |     4 ||     4
       Scroll            |       |     3 ||     3
Armor: Scale mail        |    36 |     8 ||    44
       Chain mail        |       |    98 ||    98
Dodge: Dodged            |    20 |    34 ||    54
Block: Kite shield       |    47 |    88 ||   135
